AoeStats
← xlalox corona

Arena

509023524Analyzed
1v1 RM · 6d ago on Sep 25, 2026· 40m 33s· 2 players
Game mode
Random Map
Map size
Tiny (2 player)
Population
200
Speed
Normal
Resources
Standard
Victory
Conquest
Starting age
Dark Age
Ending age
Imperial Age
RankedLock teamsTeams togetherTeam positionsShared explorationLock speedFull tech treeHidden civsTurbo modeCheats
Victory
Defeat
🇲🇽 Spanish · Mexico
1672
+8
🇺🇸 Poles · United States
1479
-8
Meh247
9:56 Feudal Age
8:35 Loom
10:21 Feudal Age
11:57 Double-Bit Axe
11:54 Horse Collar
12:27 Fletching
22:18 Castle Age
20:57 Stone Mining
22:51 Wheelbarrow
22:55 Bodkin Arrow
24:19 Guard Tower
26:03 Bow Saw
25:58 Heavy Plow
27:33 Gold Mining
28:57 Scale Barding Armor
32:47 Imperial Age
31:40 Hand Cart
33:01 Stone Shaft Mining
33:11 Town Watch
34:32 Chemistry
33:14 Treadmill Crane
35:10 Chain Barding Armor
36:42 Bloodlines
36:32 Husbandry
35:53 Light Cavalry
38:47 Siege Engineers
40:31 Forging
xlalox corona
5:24 Loom
8:04 Feudal Age
8:43 Double-Bit Axe
11:57 Fletching
23:02 Castle Age
22:19 Stone Mining
24:15 Bodkin Arrow
24:43 Bow Saw
28:23 Town Watch
35:12 Imperial Age
33:57 Padded Archer Armor
34:56 Wheelbarrow
35:33 Leather Archer Armor
37:00 Ring Archer Armor
38:18 Bracer
38:46 Bloodlines
38:37 Husbandry
39:04 Elite Conquistador
Connection lost

Rejoining the realm…

Still unreachable

The connection could not be restored.

Session expired

The server has moved on; the page needs a fresh start.